 Dungeon Crawl Stone Soup version 0.19-a0-1731-g1e0734d (webtiles) character file.

141 Naow the Chopper (level 5, -6/46 HPs)
             Began as a Minotaur Berserker on Sept 30, 2016.
             Was a Believer of Trog.
             Mangled by an ogre
             ... wielding a +0 giant club
              (20 damage)
             ... on level 4 of the Dungeon.
             The game lasted 00:05:41 (2144 turns).

Naow the Chopper (Minotaur Berserker)               Turns: 2144, Time: 00:05:42

Health: -6/46      AC: 17    Str: 22    XL:     5   Next: 3%
Magic:  4/4        EV:  3    Int:  5    God:    Trog [**....]
Gold:   123        SH:  0    Dex:  9    Spells: 0 memorised, 4 levels left

rFire  + . .     SeeInvis .     a - +0 hand axe
rCold  + . .     Gourm    .     l - +0 gold dragon armour
rNeg   . . .     Faith    .     (no shield)
rPois  +         Spirit   .     (helmet restricted)
rElec  .         Dismiss  .     s - +2 cloak
rCorr  .         Reflect  .     f - +0 pair of gloves
MR     .....     Harm     .     (no boots)
Stlth  ..........               (no amulet)
                                (no ring)
                                (no ring)

@: no status effects
A: retaliatory headbutt, horns 2
a: Berserk, Trog's Hand, Burn Spellbooks, Renounce Religion


You were on level 4 of the Dungeon.
You worshipped Trog.
Trog was pleased with you.
You were not hungry.

You visited 1 branch of the dungeon, and saw 4 of its levels.

You collected 123 gold pieces.

Inventory:

Hand Weapons
 a - a +0 hand axe (weapon)
Armour
 b - a +0 animal skin
 f - a +0 pair of gloves (worn)
 l - a +0 gold dragon armour (worn)
 s - a +2 cloak (worn)
Jewellery
 m - an uncursed ring of ice
Wands
 q - a wand of iceblast (7/15)
Scrolls
 d - 2 scrolls of immolation {unknown}
 g - a scroll of random uselessness {unknown}
 j - a scroll of amnesia {unknown}
 k - a scroll of noise {unknown}
 n - 3 scrolls of identify {unknown}
 o - a scroll of enchant armour {unknown}
 p - a scroll of teleportation {unknown}
 u - a scroll of magic mapping {unknown}
Potions
 e - 2 potions of curing {unknown}
 h - a potion of ambrosia {unknown}
Comestibles
 c - 3 bread rations
 i - a royal jelly
 r - a meat ration
 t - 3 fruits


   Skills:
 - Level 4.2 Fighting
 + Level 6.4 Axes
 - Level 2.4 Armour
 - Level 2.4 Dodging


You had 4 spell levels left.
You didn't know any spells.

Dungeon Overview and Level Annotations

Branches:
Dungeon (3/15)

Altars:

Shops:
D:4 %


Innate Abilities, Weirdness & Mutations

You reflexively headbutt those who attack you in melee.
You have a pair of horns on your head.


Message History

There is an abandoned shop here.
This shop appears to be closed.
There is an abandoned shop here.
This shop appears to be closed.
An ogre comes into view. It is wielding a giant club.
The ogre shouts!
Found 15 gold pieces.
The ogre hits you with a giant club!!
You hit the ogre.
The ogre is lightly wounded.
You hit the ogre but do no damage. You headbutt the ogre!
The ogre is almost dead.
The ogre hits you with a giant club!
You hit the ogre but do no damage.
The ogre is almost dead.
The ogre barely misses you.
Your gold dragon armour prevents you from hitting the ogre.
The ogre is almost dead.
The ogre hits you with a giant club!!
You die...

...##..#.####### #.
###...##..#.###...## #.
.................#.## #.
............#.##.##.###.
........................
.....#..##∩.∩#.##.##..
....#..##...#.#.###.#
#.#.#..##∩.∩>..####.#
#..O@...............#
..........######.#####.#
..####.[#.....(.........
#..#####.......##.# #.$#
#.......##.# #.##
#.......##.# #.
#.......##.# #.
#.......##.#
#..........#


You could see an ogre.

Vanquished Creatures
  5 adders
  3 oozes
  3 worms (D:2)
  A dart slug (D:1)
  4 leopard geckos
  An orc (D:4)
  4 giant cockroaches
  12 goblins
  9 hobgoblins
  4 jackals (D:2)
  5 bats
  5 frilled lizards
  3 kobolds (D:1)
  7 rats
66 creatures vanquished.

Notes
Turn   | Place    | Note
-------+----------+-------------------------------------------
     0 | D:1      | Naow the Minotaur Berserker began the quest for the Orb.
     0 | D:1      | Reached XP level 1. HP: 19/19 MP: 0/0
   156 | D:1      | Reached XP level 2. HP: 15/27 MP: 1/1
   380 | D:1      | Reached skill level 4 in Axes
   466 | D:1      | Reached XP level 3. HP: 32/33 MP: 2/2
   529 | D:1      | Reached ** piety under Trog
   778 | D:2      | Reached skill level 5 in Axes
   996 | D:2      | Reached XP level 4. HP: 20/40 MP: 3/3
  1504 | D:3      | Reached skill level 6 in Axes
  1661 | D:3      | Reached XP level 5. HP: 31/46 MP: 4/4
  1935 | D:3      | You fall through a shaft!
  1969 | D:4      | Found Ruudd's Food Boutique.
  2137 | D:4      | Noticed an ogre
  2144 | D:4      | Mangled by an ogre

Vault maps used:
D:1:      scummos_arrival_hexagon, minmay_close_crescents
D:2:      first_bread
D:3:      lemuel_crystal_altar
D:4:      kennysheep_little_box, serial_shops,
          nicolae_shop_competitors_out_of_business, kennysheep_generic_room_3

Skill      XL: |  1  2  3  4 |
---------------+-------------+-----
Fighting       | 4 |  4.2
Axes           | 4 5 6 |  6.4
Armour         | |  2.4
Dodging        | |  2.4

Action                   |  1- 3 |  4- 6 || total
-------------------------+-------+-------++-------
Melee: Hand axe          |    97 |    59 ||   156
       Headbutt          |    13 |    13 ||    26
  Eat: Chunk             |       |     4 ||     4
Armor: Animal skin       |    13 |     7 ||    20
       Gold dragon armou |       |     3 ||     3
Dodge: Dodged            |    65 |    28 ||    93
